 Dungeon Crawl Stone Soup version 0.16.2-12-gd0ad4c3 (webtiles) character file.

147 kroki the Skirmisher (level 5, 0/46 HPs)
             Began as a Minotaur Artificer on Feb 29, 2016.
             Succumbed to a goblin's poison
             ... on level 3 of the Dungeon.
             The game lasted 00:02:04 (1814 turns).

kroki the Skirmisher (Minotaur Artificer)           Turns: 1814, Time: 00:02:04

Health: 0/46       AC:  9    Str: 15    XL:     5   Next: 7%
Magic:  13/13      EV:  9    Int:  9    God:
Gold:   153        SH:  0    Dex: 10    Spells: 0 memorised, 4 levels left

rFire  . . .     SeeInvis .     i - +0 war axe
rCold  . . .     Clarity  .     m - +0 scale mail
rNeg   . . .     SustAb   .     (no shield)
rPois  .         Gourm    .     (helmet restricted)
rElec  .         Spirit   .     v - +1 cloak
rCorr  +         Warding  .     s - +0 pair of gloves
rMut   .         Stasis   .     (no boots)
MR     .....                    q - amulet of resist corrosion {rCorr, !d}
Stlth  ..........               w - -2 ring of strength (curse)
                                u - ring of magical power {MP+9}

@: lethally poisoned (0 -> -20), not resistant to hostile enchantments,
extremely unstealthy
A: retaliatory headbutt, horns 2
a: no special abilities


You were on level 3 of the Dungeon.
You were full.

You visited 1 branch of the dungeon, and saw 3 of its levels.

You collected 153 gold pieces.

Inventory:

Hand weapons
 a - a +1 short sword
 i - a +0 war axe (weapon)
   (You found it on level 2 of the Dungeon)
 o - a +0 spear
   (You found it on level 1 of the Dungeon)
Armour
 e - a +0 leather armour
 m - a +0 scale mail (worn)
   (You found it on level 2 of the Dungeon)
 p - a +0 ring mail
   (You found it on level 1 of the Dungeon)
 s - a +0 pair of gloves (worn)
   (You found it on level 2 of the Dungeon)
 v - a +1 cloak (worn)
   (You found it on level 2 of the Dungeon)
Jewellery
 q - an amulet of resist corrosion (around neck) {rCorr, !d}
   (You found it on level 2 of the Dungeon)
 u - a ring of magical power (left hand) {MP+9}
   (You found it on level 2 of the Dungeon)
 w - a cursed -2 ring of strength (right hand)
   (You found it on level 2 of the Dungeon)
Magical devices
 b - a wand of flame (15)
 c - a wand of enslavement (15)
 d - a wand of random effects (15)
 k - a wand of fireball (4)
   (You took it off Robin on level 2 of the Dungeon)
Potions
 g - a potion of might
 h - a potion of cure mutation {!q}
 r - a potion of poison {!q}
Comestibles
 f - 3 bread rations {@e1}
 j - a royal jelly
 l - 4 fruits


   Skills:
 - Level 4.1 Fighting
 - Level 1.1 Short Blades
 + Level 4.1 Axes
 - Level 2.1 Dodging
 - Level 0.7 Stealth
 - Level 2.6 Evocations


You had 4 spell levels left.
You didn't know any spells.

Dungeon Overview and Level Annotations

Branches:
Dungeon (3/15)

Altars:
Ashenzari
Gozag
The Shining One

Shops:
D:2 *


Innate Abilities, Weirdness & Mutations

You reflexively headbutt those who attack you in melee.
You have a pair of horns on your head.


Message History

There is a stone staircase leading down here.
You climb downwards. 5 orcs, an orc priest and an orc wizard come into view.
The orc shouts! x4
The orc priest shouts!
The orc wizard shouts!
You hear a shout!
There is a stone staircase leading up here.
There are monsters nearby!
Your scale mail prevents you from hitting the orc. x2
You hit the orc.
You kill the orc!
The orc barely misses you. The orc hits you but does no damage.
You can't go down here!
There are monsters nearby!
You hit the orc wizard but do no damage.
Your headbutt misses the orc wizard. You hit the orc. You hit the orc.
You hit the orc but do no damage. You closely miss the orc.
The orc hits you but does no damage. The orc hits you with a short sword.
The orc closely misses you. The orc hits you but does no damage.
The orc wizard casts a spell.
You feel troubled.
There are monsters nearby!
You barely miss the orc. You hit the orc.
You kill the orc!
You hit the orc. You barely miss the orc. You closely miss the orc wizard.
The orc barely misses you. The orc hits you but does no damage.
The orc hits you but does no damage. The orc wizard hits you with a dagger.
The orc barely misses you.
The orc priest's eyes start to glow.
The orc closely misses you. The orc hits you but does no damage.
The orc wizard hits you but does no damage.
There are monsters nearby!
You slash the orc!
You kill the orc!
You barely miss the orc. You hit the orc. You closely miss the orc wizard.
The orc barely misses you. The orc closely misses you.
The orc wizard hits you but does no damage.
A goblin comes into view. It is wielding a dagger of venom.
There are monsters nearby!
You hit the orc.
You kill the orc!
You closely miss the orc wizard. You hit the orc priest.
You closely miss the orc. The orc priest closely misses you.
The orc wizard mumbles some strange words.
The orc wizard seems to speed up.
The orc hits you but does no damage.
There are monsters nearby!
You slash the orc priest! You barely miss the goblin. You hit the orc.
You slash the orc wizard! The orc wizard casts a spell at you.
The magic dart hits you! The orc hits you with a whip.
The orc priest becomes somewhat translucent.
The orc wizard barely misses you.
The goblin hits you with a dagger of venom.
The orc priest hits you with a hand axe.
The orc hits you but does no damage.
The orc wizard hits you but does no damage.
You take 17 damage, and have 23/40 hp.
MASSIVE DAMAGE!!
You barely miss the orc priest. You closely miss the goblin. You hit the orc.
You hit the orc wizard. The orc wizard hits you with a dagger.
The goblin hits you but does no damage.
You are poisoned.
The orc hits you but does no damage.
The orc priest hits you but does no damage.
The orc wizard hits you but does no damage.
You slash the orc priest!
You kill the orc priest!
Your Axes skill increases to level 3!
You closely miss the orc wizard. You closely miss the orc. You hit the goblin.
You feel sick. The goblin hits you but does no damage.
You are more poisoned.
The orc wizard gestures at you while chanting.
The puff of frost hits you!
* * * LOW HITPOINT WARNING * * *
The orc closely misses you. You furiously retaliate!
You headbutt the orc. The goblin hits you but does no damage.
You are more poisoned.
You take 12 damage, and have 11/40 hp.
MASSIVE DAMAGE!!
You slash the goblin!
You kill the goblin!
You hit the orc.
You kill the orc!
You hit the orc wizard.
* * * LOW HITPOINT WARNING * * *
You feel sick.
The orc wizard points at you and mumbles some strange words.
The magic dart hits you!
* * * LOW HITPOINT WARNING * * *
The orc wizard hits you with a dagger.
* * * LOW HITPOINT WARNING * * *
You take 9 damage, and have 2/40 hp.
MASSIVE DAMAGE!!
Drink which item? (? for menu, Esc to quit)
Okay, then.
You slash the orc wizard!
You kill the orc wizard!
Your Axes skill increases to level 4!
You have reached level 5!
You die...

. #. # #.
#.##.##
#.#...#
......
#...# #))#
#@#
#...)))...#
#######.#.#
.# #


There were no monsters in sight!

Vanquished Creatures
  An orc priest (D:3)
  An orc wizard (D:3)
  Robin (D:2)
  An adder (D:2)
  A giant mite (D:2)
  A worm (D:2)
  4 giant geckos (D:1)
  5 orcs (D:3)
  2 giant cockroaches
  7 hobgoblins
  3 kobolds
  A ball python (D:2)
  2 bats (D:1)
  5 giant newts
  13 goblins
  2 quokkas (D:2)
  4 rats
54 creatures vanquished.

Notes
Turn   | Place    | Note
--------------------------------------------------------------
     0 | D:1      | kroki, the Minotaur Artificer, began the quest for the Orb.
     0 | D:1      | Reached XP level 1. HP: 16/16 MP: 1/1
    29 | D:1      | Reached skill level 2 in Fighting
   216 | D:1      | Reached XP level 2. HP: 18/25 MP: 1/1
   384 | D:1      | Reached skill level 3 in Fighting
   769 | D:2      | Found a shattered altar of Ashenzari.
   879 | D:2      | Noticed Robin
   928 | D:1      | Reached XP level 3. HP: 23/31 MP: 3/3
   986 | D:2      | Found Gozag's Platinum Reserve.
  1060 | D:2      | Found an opulent altar of Gozag.
  1224 | D:2      | Reached skill level 4 in Fighting
  1313 | D:2      | Found a glowing golden altar of the Shining One.
  1343 | D:2      | Reached skill level 1 in Axes
  1614 | D:2      | Reached skill level 2 in Axes
  1618 | D:2      | Killed Robin
  1618 | D:2      | Reached XP level 4. HP: 38/40 MP: 3/3
  1812 | D:3      | Reached skill level 3 in Axes
  1813 | D:3      | HP: 9/40 [poisoned by a goblin]
  1813 | D:3      | HP: 3/40 [orc wizard/magic dart (6)]
  1814 | D:3      | Reached skill level 4 in Axes
  1814 | D:3      | Reached XP level 5. HP: 2/46 MP: 4/4
  1814 | D:3      | Succumbed to a goblin's poison

Action                   |  1- 3 |  4- 6 || total
-------------------------+-------+-------++-------
Melee: Short sword       |    48 |       ||    48
       Spear             |    46 |       ||    46
       War axe           |    26 |    20 ||    46
  Use: Scroll            |     7 |       ||     7
  Eat: Beef jerky        |     2 |       ||     2
       Bread ration      |     1 |       ||     1

Vault maps used:
D:1:      lemuel_arrival_room, minmay_misc_feat_secret_circle
D:2:      nicolae_gozag_zags_fifth_avenue, old_standard_altar, tso_altar,
          first_bread, uniq_robin
D:3:      serial_park_square1, kennysheep_orc_chapel

Table legend:
 A = Turns spent in this place as a percentage of turns spent in the entire game.
 B = Non-inter-level travel turns spent in this place as a percentage of non-inter-level travel turns spent in the entire game.
 C = Inter-level travel turns spent in this place as a percentage of turns spent in this place.
 D = Turns resting spent in this place as a percentage of non-inter-level travel turns spent in this place.
 E = Turns spent auto-exploring this place as a percentage of non-inter-level travel turns spent in this place.
 F = Non-inter-level travel turns spent in this place divided by the number of levels of this place that you've seen.
                   A       B       C       D       E      F
               +-------+-------+-------+-------+-------+----------------------
         Total | 100.0 | 100.0 |   1.1 |   0.0 |  10.4 | 310.7
       Dungeon | 100.0 | 100.0 |   1.1 |   0.0 |  10.4 | 310.7
               +-------+-------+-------+-------+-------+----------------------

Table legend:
 A = Kills in this place as a percentage of kills in entire the game.
 B = Kills by you in this place as a percentage of kills by you in the entire game.
 C = Kills by friends in this place as a percentage of kills by friends in the entire game.
 D = Other kills in this place as a percentage of other kills in the entire game.
 E = Experience gained in this place as a percentage of experience gained in the entire game.
 F = Experience gained in this place divided by the number of levels of this place that you have seen.
                   A       B       C       D       E      F
               +-------+-------+-------+-------+-------+----------------------
         Total | 100.0 | 100.0 |  -nan |  -nan | 100.0 |  70.0
       Dungeon | 100.0 | 100.0 |  -nan |  -nan | 100.0 |  70.0
               +-------+-------+-------+-------+-------+----------------------
